 Dungeon Crawl Stone Soup version 0.27.0 (webtiles) character file.

Game seed: 12817460250891140505

21 Spaninq the Sneak (level 2, 0/16 HPs)
             Began as a Spriggan Delver on July 30, 2021.
             Was an Initiate of Ashenzari.
             Slain by a jackal (2 damage)
             ... on level 3 of the Dungeon.
             The game lasted 00:04:09 (837 turns).

Spaninq the Sneak (Spriggan Delver)                  Turns: 837, Time: 00:04:10

Health: 0/16       AC:  2    Str:  8    XL:     2   Next: 62%
Magic:  3/3        EV: 17    Int: 11    God:    Ashenzari [......]
Gold:   123        SH:  0    Dex: 16    Spells: 1/1 levels left

rFire    . . .     SeeInvis +   a - +0 short sword
rCold    . . .     Faith    .   (shield restricted)
rNeg     . . .     Spirit   .   b - +0 robe
rPois    .         Reflect  .   (helmet restricted)
rElec    .         Harm     .   (no cloak)
rCorr    .         Rampage  .   (gloves unavailable)
Will     .....                  (boots unavailable)
Stlth    ++++......             (no amulet)
HPRegen  0.05/turn              (no ring)
MPRegen  0.08/turn              (no ring)

@: very quick
A: very small, no large weapons, unfitting armour, see invisible, speed 3
a: Renounce Religion


You were on level 3 of the Dungeon.
You worshipped Ashenzari.
Ashenzari was noncommittal.
You visited 2 branches of the dungeon, and saw 4 of its levels.

You collected 123 gold pieces.

Inventory:

Hand Weapons
 a - a +0 short sword (weapon)
Armour
 b - a +0 robe (worn)
Wands
 g - a wand of digging (3)
Scrolls
 c - a scroll of fog
 d - a scroll of magic mapping
 e - a scroll of fear
 h - a scroll of teleportation
 j - a scroll of enchant armour
Potions
 f - a potion of haste


   Skills:
 + Level 2.5 Fighting
 * Level 2.7 Short Blades
 + Level 3.1 Dodging
 * Level 7.6 Stealth


You had one spell level left.
You didn't know any spells.
Your spell library was empty.

Dungeon Overview and Level Annotations

Branches:
Dungeon (5/15)             Temple (1/1) D:4

Altars:
Ashenzari
Cheibriados
Dithmenos
Fedhas
Gozag
Hepliaklqana
Kikubaaqudgha
Nemelex Xobeh
Okawaru
Qazlal
Sif Muna
Trog
Uskayaw
Wu Jian
Xom
Yredelemnul
Zin
The Shining One

Annotations:
D:4 Grinder


Innate Abilities, Weirdness & Mutations

You are very small and have problems with some larger weapons.
You are too small for most types of armour.
You have supernaturally acute eyesight. (SInv)
You cover ground extremely quickly. (Speed+++)


Message History

The jackal bites you.
You hit the jackal but do no damage. The jackal completely misses you.
You closely miss the jackal. The jackal closely misses you.
The jackal misses you.
You hit the jackal.
The jackal is almost dead.
The jackal barely misses you.
You hit the jackal but do no damage.
The jackal is almost dead.
The jackal misses you.
You closely miss the jackal.
The jackal is almost dead.
The jackal bites you but does no damage.
The jackal completely misses you.
You closely miss the jackal.
The jackal is almost dead.
The jackal bites you.
You hit the jackal.
You kill the jackal!
You closely miss the jackal.
The jackal is lightly wounded.
The jackal closely misses you. The jackal bites you.
You hit the jackal but do no damage.
The jackal is lightly wounded.
The jackal closely misses you.
You hit the jackal but do no damage.
The jackal is lightly wounded.
The jackal closely misses you.
You closely miss the jackal.
The jackal is lightly wounded.
The jackal closely misses you. The jackal bites you.
* * * LOW HITPOINT WARNING * * *
You closely miss the jackal.
The jackal is lightly wounded.
The jackal bites you.
* * * LOW HITPOINT WARNING * * *
You hit the jackal.
The jackal is heavily wounded.
The jackal barely misses you. The jackal bites you.
You die...

#...............#.####J#
#.########.###....# *,*
#.# #.#*######* *,** #.#
#..,,,,,,,* *,** #.#
*####*****,* *,** #.###
*<,,,,* *,* *,,,
#...######***,* *,* ****
#........# *,* *,* *
#...####@# *,* *,* #...#
#h####,* *,* #...#
#....#,* *,* #...#
####.#,****,* #...#
#.#,,,**,****** #...#
#h###,**,,^,,,, #...#
#...#,********* *****
###.#,,,,,,* *.#*,,,,,*


You could see a jackal.

Vanquished Creatures
  An adder skeleton (D:4)
  A dart slug (D:4)
  A ball python (D:4)
  An endoplasm (D:4)
  A giant cockroach (D:3)
  4 jackals
  A quokka (D:5)
  2 bats (D:3)
  2 goblins (D:4)
14 creatures vanquished.

Notes
Turn   | Place    | Note
-------+----------+-------------------------------------------
     0 | D:5      | Spaninq the Spriggan Delver began the quest for the Orb.
     0 | D:5      | Reached XP level 1. HP: 11/11 MP: 2/2
     7 | D:5      | Noticed a phantom
    70 | D:5      | Noticed an orc wizard
    70 | D:5      | Noticed an orc wizard
    88 | D:5      | Noticed an orc wizard
    88 | D:5      | Noticed an orc wizard
   128 | D:4      | Found a staircase to the Ecumenical Temple.
   142 | Temple   | Entered the Ecumenical Temple
   319 | Temple   | Became a worshipper of Ashenzari the Shackled
   417 | D:4      | Reached XP level 2. HP: 16/16 MP: 3/3
   516 | D:4      | Found a glowing golden altar of the Shining One.
   615 | D:4      | Noticed Grinder
   723 | D:3      | Found a basalt altar of Yredelemnul.
   837 | D:3      | Slain by a jackal

Illustrated notes

Levels and vault maps discovered:
D:3:      layout_basic, lemuel_zombie_altar_yredelemnul, gup_sewer_entry_pipe,
          minmay_misc_feat_enclosed, uniq_natasha
D:4:      black_bear_nest_1, layout_basic, tso_metal_star,
          minmay_temple_entry_ruins, minmay_strange_pillars, uniq_eustachio,
          uniq_grinder
D:5:      layout_loops_corners, serial_shops, shop
Temple:   compressed_dpeg_circular_temple

Skill      XL: |  1  2 |
---------------+-------+-----
Dodging        | 3 |  3.1
Fighting       | |  2.5
Short Blades   | |  2.7
Stealth        | |  7.6

Action                   || total
-------------------------++-------
Melee: Short sword       ||    74
  Use: Scroll            ||     2
       Potion            ||     1
 Stab: Sleeping          ||     6
Armor: Robe              ||    12
Dodge: Dodged            ||    66
